 Dungeon Crawl Stone Soup version 0.30.0-29-ga12c61a403 (webtiles) character file.

Game seed: 16852577201271526202

88 Bnni the Digger (level 4, -3/32 HPs)
             Began as a Formicid Earth Elementalist on June 3, 2023.
             Slain by Terence
             ... wielding a +0 short sword
              (5 damage)
             ... on level 3 of the Dungeon.
             The game lasted 00:03:13 (1768 turns).

Bnni the Digger (Formicid Earth Elementalist)       Turns: 1768, Time: 00:03:14

Health: -3/32      AC:  7    Str: 13    XL:     4   Next: 82%
Magic:  3/8        EV: 12    Int: 16    God:
Gold:   68         SH:  0    Dex: 20    Spells: 2/8 levels left

rFire   . . .        a - +0 dagger
rCold   . . .        (no shield)
rNeg    . . .        d - +0 leather armour
rPois   .            (helmet unavailable)
rElec   .            (no cloak)
rCorr   .            (no gloves)
SInv    +            (no boots)
Will    .....        (no amulet)
Stlth   ++           c - +4 ring of protection
HPRegen 0.25/turn    q - +6 ring of dexterity
MPRegen 0.11/turn

%: no passive effects
@: very slightly contaminated
A: permanent stasis, dig shafts and tunnels, antennae 3, four strong arms
a: Dig, Shaft Self


You were on level 3 of the Dungeon.
You visited 1 branch of the dungeon, and saw 3 of its levels.

You collected 68 gold pieces.

Inventory:

Hand Weapons
 a - a +0 dagger (weapon)
Armour
 d - a +0 leather armour (worn)
 m - a +0 tower shield
Jewellery
 c - a +4 ring of protection (left hand)
 q - a +6 ring of dexterity (right hand)
Scrolls
 f - 2 scrolls of teleportation {unknown}
 g - a scroll of butterflies {unknown}
 h - a scroll of fog {unknown}
 l - a scroll of enchant armour {unknown}
 o - a scroll of identify {unknown}
Potions
 e - a potion of haste {unknown}
 j - a potion of heal wounds {unknown}
 k - a potion of lignification {unknown}
 n - a potion of brilliance {unknown}
 p - a potion of ambrosia {unknown}


   Skills:
 + Level 1.6 Fighting
 - Level 1.7 Dodging
 - Level 2.4 Stealth
 + Level 0.4 Shields
 + Level 2.8 Spellcasting
 + Level 2.1 Transmutations
 * Level 4.8 Earth Magic


You had 2 spell levels left.
You knew the following spells:

 Your Spells              Type           Power      Damage    Failure   Level
a - Sandblast             Erth           34%        2d9       3%          1
b - Passwall              Tmut/Erth      10%        N/A       9%          2
c - Stone Arrow           Conj/Erth      20%        3d8       26%         3

Your spell library contained the following spells:

 Spells                   Type           Power      Damage    Failure   Level
 Petrify                  Tmut/Erth      13%        N/A       50%         4


Dungeon Overview and Level Annotations

Branches:
Dungeon (3/15)

Altars:

Annotations:
D:3 Terence


Innate Abilities, Weirdness & Mutations

You cannot be hasted, slowed, berserked, paralysed or teleported.
You can dig through walls and to a lower floor.
You have a pair of large antennae on your head. (SInv)
Your four strong arms can wield two-handed weapons with a shield.


Message History

Terence is severely wounded.
Terence closely misses you.
You hit Terence but do no damage.
Terence is severely wounded.
Terence closely misses you.
You hit Terence but do no damage.
Terence is severely wounded.
Terence hits you with a +0 short sword.
You completely miss Terence.
Terence is severely wounded.
Terence hits you with a +0 short sword.
* * * LOW HITPOINT WARNING * * *
You barely miss Terence.
Terence is severely wounded.
Terence hits you but does no damage.
Aiming: Sandblast (safe; 3% risk of failure)
Press: ? - help, Q - select action, (/) - cycle Shift-Dir - straight line, f/p - Terence
Aim: Terence, wielding a +0 short sword and wearing a +2 ring mail of willpower (severely wounded, 84% to hit)
The blast of sand hits Terence but does no damage.
Terence is severely wounded.
Terence hits you with a +0 short sword.
* * * LOW HITPOINT WARNING * * *
Magic courses through your body. Terence barely misses you.
Casting: Sandblast (safe; 3% risk of failure)
Confirm with . or Enter, or press ? or * to list all spells.
The spell is quite dangerous to miscast (26% risk of failure)!
Continue anyway?
Aiming: Stone Arrow (quite dangerous; 26% risk of failure)
Press: ? - help, Shift-Dir - straight line, f/p - Terence
Aim: Terence, wielding a +0 short sword and wearing a +2 ring mail of willpower (severely wounded, 72% to hit)
The stone arrow misses Terence.
Terence hits you but does no damage.
Casting: Stone Arrow (quite dangerous; 26% risk of failure)
Confirm with . or Enter, or press ? or * to list all spells.
The spell is quite dangerous to miscast (26% risk of failure)!
Continue anyway?
Aiming: Stone Arrow (quite dangerous; 26% risk of failure)
Press: ? - help, Shift-Dir - straight line, f/p - Terence
Aim: Terence, wielding a +0 short sword and wearing a +2 ring mail of willpower (severely wounded, 72% to hit)
You miscast Stone Arrow.
You are very lightly contaminated with residual magic.
Nothing appears to happen.
Terence hits you with a +0 short sword.
You die...

#.# # #.# #.#.# .<
{ ##.#.###....
#....$......
#.##.###.... {
#...........
......#.###########
##### #....###@@..#
#.#..#....<##.#
#.#...#.#####.#
#.#####.......# #.#
#.####### #.# #.#
#.# #.# #.# #.# #<#
#.#


You could see Terence.

Vanquished Creatures
  4 adders (D:2)
  3 dart slugs
  A ball python (D:1)
  3 bats
  5 endoplasms
  A giant cockroach (D:2)
  6 goblins
  8 hobgoblins
  4 quokkas
  4 frilled lizards
  4 kobolds
  A rat (D:2)
44 creatures vanquished.

Notes
Turn   | Place    | Note
-------+----------+-------------------------------------------
     0 | D:1      | Bnni the Formicid Earth Elementalist began the quest for
                  | the Orb.
     0 | D:1      | Reached XP level 1. HP: 13/13 MP: 3/3
   178 | D:1      | Reached XP level 2. HP: 20/20 MP: 3/5
   181 | D:1      | Learned a level 2 spell: Passwall
   279 | D:1      | Reached skill level 4 in Earth Magic
   559 | D:1      | Reached XP level 3. HP: 25/25 MP: 1/6
   614 | D:1      | Learned a level 3 spell: Stone Arrow
   624 | D:1      | Reached skill level 1 in Fighting
  1043 | D:2      | Reached XP level 4. HP: 32/32 MP: 6/8
  1704 | D:3      | Noticed Terence
  1768 | D:3      | Slain by Terence

Illustrated notes

Levels and vault maps discovered:
D:1:      dpeg_arrival_tiny_f, layout_loops_ring, serial_glass, glass_columns_a,
          glass_columns_b
D:2:      layout_basic, minivault_19
D:3:      layout_basic, kennysheep_okawaru_gauntlet,
          nicolae_overflow_ecumenical_swirl, demons_altar,
          kennysheep_minor_cross, uniq_terence

Skill      XL: |  1  2  3  4 |
---------------+-------------+-----
Earth Magic    | 4 |  4.8
Fighting       | 1 |  1.6
Transmutations | 2 |  2.1
Dodging        | |  1.7
Stealth        | |  2.4
Shields        | |  0.4
Spellcasting   | |  2.8

Action                     |  1- 3 |  4- 6 || total
---------------------------+-------+-------++-------
  Melee: Unarmed           |     9 |       ||     9
         Dagger            |    11 |    43 ||    54
         Punch             |       |     1 ||     1
  Throw: Dart              |       |     2 ||     2
   Cast: Sandblast         |    35 |    35 ||    70
         Stone Arrow       |       |     1 ||     1
    Use: Potion            |       |     1 ||     1
 Armour: Leather armour    |    12 |    26 ||    38
  Dodge: Dodged            |    15 |    31 ||    46
